 Dungeon Crawl Stone Soup version 0.27.1-34-g3ba077fa99 (console) character file.

Game seed: 9104801114537714179

5464 Banquo the Cleaver (level 11, 0/83 HPs)
             Began as a Formicid Fighter on Feb 16, 2022.
             Was an Elder of Dithmenos.
             Slain by a gnoll sergeant (2 damage)
             ... on level 12 of the Dungeon.
             The game lasted 00:41:13 (10001 turns).

Banquo the Cleaver (Formicid Fighter)              Turns: 10001, Time: 00:41:14

Health: 0/83       AC: 10    Str: 31    XL:     11   Next: 0%
Magic:  15/15      EV: 10    Int:  7    God:    Dithmenos [****..]
Gold:   464        SH: 13    Dex: 10    Spells: 10/10 levels left

rFire    . . .     SeeInvis +   a - +1 war axe (vamp)
rCold    + . .     Faith    .   i - +1 kite shield
rNeg     . . .     Spirit   .   r - +2 scale mail {rC+}
rPois    +         Reflect  .   (helmet unavailable)
rElec    .         Harm     .   (no cloak)
rCorr    .         Rampage  .   (no gloves)
Will     +....                  (no boots)
Stlth    ..........             (no amulet)
HPRegen  0.23/turn              P - ring of poison resistance
MPRegen  0.14/turn              G - +6 ring of strength

@: wreathed by umbra
A: permanent stasis, dig shafts and tunnels, antennae 3, four strong arms
a: Dig, Shaft Self, Renounce Religion, Shadow Step


You were on level 12 of the Dungeon.
You worshipped Dithmenos.
Dithmenos was greatly pleased with you.
You visited 2 branches of the dungeon, and saw 11 of its levels.

You collected 524 gold pieces.
You spent 60 gold pieces at shops.

Inventory:

Hand Weapons
 a - a +1 vampiric war axe (weapon)
 b - a +0 trident
 B - the +7 falchion of Fragile Peace {venom, rElec Will+ Int+3}
   (You found it on level 7 of the Dungeon)

   It poisons the flesh of those it strikes.
   Int:       It affects your intelligence (+3).
   rElec:     It insulates you from electricity.
   Will:      It increases your willpower.
Missiles
 c - 90 arrows
 e - 441 stones
 j - 64 sling bullets
 k - 11 atropa-tipped darts
 q - 13 bolts
 t - 19 poisoned darts (quivered)
 v - 2 javelins
 F - 5 datura-tipped darts
 I - 5 boomerangs
Armour
 d - a +0 plate armour
 h - a +0 scale mail
 i - a +1 kite shield (worn)
 r - a +2 scale mail of cold resistance (worn)
Jewellery
 l - a ring of fire
 G - a +6 ring of strength (right hand)
 H - a ring of willpower
 P - a ring of poison resistance (left hand)
Wands
 f - a wand of paralysis (1)
 x - a wand of iceblast (14)
 y - a wand of charming (2)
Scrolls
 m - 2 scrolls of noise
 o - a scroll of magic mapping
 s - a scroll of amnesia
 A - 5 scrolls of enchant armour
 D - 2 scrolls of fear
Potions
 g - 6 potions of flight
 n - a potion of lignification
 p - 3 potions of might
 w - a potion of invisibility
 z - 3 potions of curing
 C - a potion of mutation
 E - a potion of brilliance {unknown}


   Skills:
 * Level 6.9 Fighting
 * Level 10.0 Axes
 * Level 7.8 Armour
 + Level 2.4 Dodging
 * Level 8.2 Shields
 * Level 6.1 Invocations


You had 10 spell levels left.
You didn't know any spells.
Your spell library contained the following spells:

 Spells                   Type           Power      Damage    Failure   Level
 Corpse Rot               Necr/Air       N/A        N/A       83%         2
 Dispel Undead            Necr           0%         3d6       100%        4
 Alistair's Intoxication  Tmut/Pois      0%         N/A       100%        5
 Borgnjor's Vile Clutch   Necr/Erth      0%         N/A       100%        5
 Death Channel            Necr           0%         N/A       100%        6
 Eringya's Noxious Bog    Tmut/Pois      0%         N/A       100%        6


Dungeon Overview and Level Annotations

Branches:
Dungeon (9/15)             Temple (1/1) D:5
   Lair: D:8-11         Orc: D:9-12

Altars:
Ashenzari
Cheibriados
Dithmenos
Elyvilon
Fedhas
Gozag
Hepliaklqana
Kikubaaqudgha
Makhleb
Nemelex Xobeh
Okawaru
Qazlal
Ru
Sif Muna
Trog
Uskayaw
Vehumet
Wu Jian
Xom
Yredelemnul
Zin
The Shining One

Shops:
D:2 ?   D:4 (   D:7 [   D:8 (

Annotations:
D:3 4 runed translucent doors, Akaron's ghost, amateur OgBe; Crazy Yiuf; Delamore's ghost, amateur OpBr
D:8 2 transporters


Innate Abilities, Weirdness & Mutations

You cannot be hasted, slowed, berserked, paralysed or teleported.
You can dig through walls and to a lower floor.
You have a pair of large antennae on your head. (SInv)
Your four strong arms can wield two-handed weapons with a shield.


Message History

Unknown command.
Unknown command.
You feel much better.
Are you sure you want to shaft yourself?
You block the two-headed ogre's attack.
The two-headed ogre hits you with a +0 giant spiked club!
You begin to dig a shaft.
You continue digging a shaft.
You block the two-headed ogre's attack.
The two-headed ogre hits you with a +0 giant spiked club!
* * * LOW HITPOINT WARNING * * *
A shaft appears beneath you!
You fall into a shaft and drop 3 floors!
The shaft crumbles and collapses.
The gnoll sergeant shouts!
The gnoll shouts! x4
Unknown command.
You extend your mandibles.
You dig through the rock wall.
You block the gnoll sergeant's attack. The gnoll misses you.
You dig through the rock wall.
You dig through the rock wall.
You dig through the rock wall.
You dig through the rock wall.
You retract your mandibles.
You closely miss the gnoll sergeant. The gnoll sergeant blocks your attack.
The gnoll sergeant hits you but does no damage.
The gnoll sergeant hits you with a +3 vorpal trident.
* * * LOW HITPOINT WARNING * * *
x2 You closely miss the gnoll sergeant.
You block the gnoll sergeant's attack.
You slash the gnoll sergeant!
You feel better.
The gnoll sergeant is heavily wounded.
You block the gnoll sergeant's attack. The gnoll sergeant blocks your attack.
The gnoll sergeant is heavily wounded.
The gnoll sergeant hits you with a +3 vorpal trident!
* * * LOW HITPOINT WARNING * * *
x2 You hit the gnoll sergeant.
You feel better.
The gnoll sergeant is severely wounded.
The gnoll sergeant hits you with a +3 vorpal trident.
* * * LOW HITPOINT WARNING * * *
You die...

#g##.####
########.#......
.......gg.....#
...##.#g....
#.#{g{......
#.{######.##
#.#{## ...##g#
##..#@## #..###
... #..# ...


You could see a gnoll sergeant.

Vanquished Creatures
  A centaur warrior (D:9)
  A two-headed ogre (D:8)
  A komodo dragon (D:8)
  A troll (D:7)
  3 shadows
  Eustachio (D:5)
  A yak (D:9)
  A wyvern (D:9)
  2 water moccasins
  An orc warrior (D:8)
  3 necrophages
  2 ogres (D:5)
  4 black bears
  A centaur (D:7)
  A phantom (D:5)
  A kobold brigand (D:4)
  3 bullfrogs
  3 scorpions
  A water moccasin skeleton (D:5)
  4 howler monkeys
  A centaur zombie (D:7)
  2 hounds
  A jelly (D:5)
  2 orc priests
  Ijyb (D:3)
  2 bullfrog skeletons
  A centaur skeleton (D:6)
  2 gnoll shamans (D:8)
  6 iguanas
  Terence (D:2)
  5 orc wizards
  Robin (D:3)
  11 gnolls
  8 adders
  2 white imps
  An ufetubus (D:6)
  5 dart slugs
  20 orcs
  6 ball pythons
  4 bats
  5 endoplasms
  2 giant cockroaches (D:1)
  17 goblins
  10 hobgoblins
  8 kobolds
  7 quokkas
  7 frilled lizards
  3 rats
177 creatures vanquished.

Vanquished Creatures (others)
  6 plants (D:8)
  2 withered plants (D:1)
8 creatures vanquished.

Grand Total: 185 creatures vanquished

Notes
Turn   | Place    | Note
-------+----------+-------------------------------------------
     0 | D:1      | Banquo the Formicid Fighter began the quest for the Orb.
     0 | D:1      | Reached XP level 1. HP: 18/18 MP: 1/1
   190 | D:1      | Reached XP level 2. HP: 24/24 MP: 2/2
   696 | D:1      | Found a faded altar of an unknown god.
   704 | D:1      | Became a worshipper of Dithmenos the Shadowed
   704 | D:1      | Reached * piety under Dithmenos
   713 | D:1      | Reached XP level 3. HP: 29/29 MP: 3/3
  1383 | D:2      | Reached XP level 4. HP: 26/35 MP: 4/4
  1479 | D:2      | Reached skill level 3 in Axes
  1840 | D:2      | Reached ** piety under Dithmenos
  1848 | D:2      | Found Yssozos's Magic Scroll Shop.
  1856 | D:2      | Bought a scroll of identify for 22 gold pieces
  1856 | D:2      | Bought a scroll of magic mapping for 38 gold pieces
  1903 | D:2      | Noticed Terence
  1931 | D:2      | Killed Terence
  1932 | D:2      | Reached XP level 5. HP: 22/42 MP: 5/5
  2358 | D:3      | Noticed Ijyb
  2367 | D:3      | Reached skill level 1 in Invocations
  2374 | D:3      | Killed Ijyb
  2375 | D:3      | Reached skill level 4 in Axes
  2403 | D:3      | Reached XP level 6. HP: 48/48 MP: 6/6
  2584 | D:3      | Noticed Robin
  2616 | D:3      | Killed Robin
  2619 | D:3      | Reached skill level 5 in Shields
  2813 | D:3      | Found a runed translucent door.
  2814 | D:3      | Noticed Crazy Yiuf
  2856 | D:3      | Found a sacrificial altar of Ru.
  2861 | D:3      | Found a runed translucent gate.
  2887 | D:3      | Noticed Delamore's ghost (amateur OpBr)
  2887 | D:3      | Noticed Akaron's ghost (amateur OgBe)
  2888 | D:3      | Found a runed translucent gate.
  2888 | D:3      | Found a runed translucent gate.
  3332 | D:4      | Found Neq Dicau's Weapon Shop.
  3622 | D:4      | Reached XP level 7. HP: 54/54 MP: 8/8
  3693 | D:4      | Reached skill level 5 in Axes
  3900 | D:4      | Found a faded altar of an unknown god.
  3901 | D:4      | Found a hazy altar of Hepliaklqana.
  4112 | D:5      | Entered Level 5 of the Dungeon
  4112 | D:5      | Noticed a shadow
  4320 | D:5      | Reached skill level 1 in Dodging
  4487 | D:5      | Reached XP level 8. HP: 51/60 MP: 8/10
  4629 | D:5      | Found a staircase to the Ecumenical Temple.
  4637 | D:5      | Reached skill level 6 in Axes
  4682 | Temple   | Entered the Ecumenical Temple
  4777 | D:5      | Noticed Eustachio
  4827 | D:5      | Killed Eustachio
  4828 | D:5      | Reached skill level 5 in Armour
  5174 | D:5      | Killed a shadow
  5175 | D:5      | Reached skill level 7 in Axes
  5456 | D:5      | Reached skill level 5 in Fighting
  5456 | D:5      | Reached XP level 9. HP: 52/68 MP: 11/11
  5699 | D:6      | Reached *** piety under Dithmenos
  6071 | D:6      | Found a glowing golden altar of the Shining One.
  6780 | D:7      | Found a glowing silver altar of Zin.
  6782 | D:7      | Identified the +7 falchion of Fragile Peace {venom, rElec
                  | Will+ Int+3}
  6805 | D:7      | Reached skill level 8 in Axes
  6830 | D:7      | Noticed a two-headed ogre
  6926 | D:7      | Found a blossoming altar of Fedhas.
  7010 | D:7      | Noticed a troll
  7027 | D:7      | Killed a troll
  7594 | D:7      | Found Qaick's Antique Armour Shop.
  7622 | D:7      | Reached skill level 5 in Invocations
  7672 | D:7      | Reached XP level 10. HP: 71/76 MP: 13/13
  8040 | D:8      | Noticed a boulder beetle
  8040 | D:8      | Found a transporter.
  8040 | D:8      | Found a transporter.
  8221 | D:8      | Found a broken altar of Ashenzari.
  8235 | D:8      | Killed a two-headed ogre
  8236 | D:8      | Reached skill level 9 in Axes
  8540 | D:8      | Noticed a komodo dragon
  8609 | D:8      | Killed a komodo dragon
  9026 | D:8      | Found Iforphon's Weapon Shop.
  9070 | D:8      | Found a basalt altar of Yredelemnul.
  9237 | D:8      | Reached **** piety under Dithmenos
  9255 | D:8      | Found a stormy altar of Qazlal.
  9946 | D:9      | Noticed a centaur warrior
  9950 | D:9      | Noticed a two-headed ogre
  9981 | D:9      | Killed a centaur warrior
  9982 | D:9      | Reached skill level 10 in Axes
  9982 | D:9      | Reached XP level 11. HP: 64/83 MP: 15/15
  9988 | D:9      | You fall into a shaft and drop 3 floors!
 10000 | D:12     | HP: 4/83 [gnoll sergeant (3)]
 10001 | D:12     | Slain by a gnoll sergeant

Illustrated notes

Levels and vault maps discovered:
D:1:      psy_arrival_conway, layout_loops_cross,
          ebering_ecumenical_altar_petrified, minmay_misc_feat_tiny,
          eino_curves_03
D:2:      cheibrodos_greedy_goblins, layout_basic, serial_shops,
          nicolae_square_shop, uniq_terence
D:3:      layout_loops_ring, amcnicky_altar_gilded, gammafunk_ghost_cemetery,
          uniq_robin, uniq_crazy_yiuf_cottage, uniq_ijyb
D:4:      layout_basic, beargit_hepliaklqana_dungeon_heroes, serial_shops, shop,
          minivault_4, lemuel_old_faithful
D:5:      layout_basic, minmay_temple_entry_statues, minmay_misc_feat_five,
          bh_walls_and_bars, uniq_eustachio
D:6:      layout_gridville, tso_metal_star
D:7:      layout_loops_ring, marbit_many_paths, fedhas_ov_isle_minmay,
          serial_shops, shop
D:8:      gammafunk_boulding_lane, layout_basic, mainiacjoe_overflow_catwalk,
          lemuel_doored_altar, lemuel_tele_altar, serial_shops,
          nicolae_shop_behind_doors, minmay_lizard_king
D:9:      layout_rooms, nrook_mini_backslash, minivault_20, st_stairs_14
D:12:     layout_loops_corners, argonaut_gorgonesque
Temple:   nicolae_temple_great_sept

Skill      XL: |  1  2  3  4  5  6  7  8  9 10 |
---------------+-------------------------------+-----
Shields        | 4 5 6 7 8 |  8.2
Axes           | 3 4 5 7 8 10 | 10.0
Invocations    | 1 2 3 5 6 |  6.1
Fighting       | 4 5 6 |  6.9
Armour         | 4 5 6 7 |  7.8
Dodging        | 1 2 |  2.4

Action                   |  1- 3 |  4- 6 |  7- 9 | 10-12 || total
-------------------------+-------+-------+-------+-------++-------
Melee: War axe           |   116 |   211 |   261 |   196 ||   784
Throw: Stone             |       |     3 |       |       ||     3
       Dart              |       |       |     3 |       ||     3
 Abil: Dig               |     1 |     9 |    27 |    11 ||    48
       Shaft Self        |       |       |       |     1 ||     1
  Use: Scroll            |       |    10 |     8 |     3 ||    21
       Potion            |       |       |       |     1 ||     1
 Stab: Distracted        |       |       |       |     1 ||     1
Armor: Scale mail        |    60 |    32 |    93 |    29 ||   214
       Plate armour      |       |    49 |       |       ||    49
Dodge: Dodged            |    47 |    66 |   105 |    49 ||   267
Block: Kite shield       |    59 |   116 |   127 |   111 ||   413
